AoeStats
← atom.vac

Arabia

506612979Analyzed
1v1 RM · 18d ago on Sep 14, 2026· 37m 0s· 2 players
Game mode
Random Map
Map size
Tiny (2 player)
Population
200
Speed
Normal
Resources
Standard
Victory
Conquest
Starting age
Dark Age
Ending age
Imperial Age
RankedLock teamsTeams togetherTeam positionsShared explorationLock speedFull tech treeHidden civsTurbo modeCheats
Victory
Defeat
🇭🇰 Chinese · Hong Kong SAR China
977
+30
🇨🇿 Malay · Czechia
962
-15
atom.vac
10:06 Feudal Age
10:17 Double-Bit Axe
16:17 Horse Collar
21:15 Castle Age
23:29 Pikeman
25:06 Fletching
25:58 Bow Saw
27:13 Bodkin Arrow
29:07 Heavy Plow
29:32 Padded Archer Armor
tjmsky
1:13 Loom
9:56 Feudal Age
10:46 Double-Bit Axe
12:36 Horse Collar
17:23 Bloodlines
20:21 Fletching
20:52 Padded Archer Armor
22:51 Wheelbarrow
26:48 Castle Age
25:24 Scale Barding Armor
26:35 Forging
26:25 Gold Mining
26:54 Scale Mail Armor
27:30 Crossbowman
28:07 Bodkin Arrow
29:15 Bow Saw
30:34 Stone Mining
34:16 Light Cavalry
Connection lost

Rejoining the realm…

Still unreachable

The connection could not be restored.

Session expired

The server has moved on; the page needs a fresh start.